 Dungeon Crawl Stone Soup version 0.29.1-14-g9c671dbff4 (webtiles) character file.

Game seed: 4722890713156230907

58027 javelincjr the Eclecticist (level 15, -2/80 HPs)
             Began as a Djinni Conjurer on Feb 13, 2023.
             Was a High Priest of Hepliaklqana.
             Slain by a frost giant
             ... wielding a +2 battleaxe of freezing
              (6 damage)
             ... in an ice cave.
             The game lasted 02:13:29 (18711 turns).

javelincjr the Eclecticist (Djinni Conjurer)       Turns: 18711, Time: 02:13:30

Health: -2/80      AC: 14    Str:  8    XL:     15   Next: 28%
Gold:   1038       EV: 13    Int: 27    God:    Hepliaklqana [*****.] SH:  0 Dex: 12

rFire   + + +      SeeInvis +   j - staff of fire
rCold   x . .      Faith    .   d - orb {*Rage}
rNeg    . . .      Spirit   .   r - +3 troll leather armour {Snorg}
rPois   ∞          Reflect  .   v - +2 hat
rElec   .          Harm     .   h - +1 cloak
rCorr   .          Rampage  .   p - +0 pair of gloves
Will    +....      Rage     20% (boots unavailable)
Stlth   +++.......              M - amulet of regeneration
HPRegen 1.83/turn               E - ring of fire
MPRegen 0.00/turn               Z - ring "Biawycwy" {rC+ Int+2 SInv}

@: flying
A: reduced essence, sickness immunity, fire resistance 2, cold vulnerability 1,
float, innate caster, HP casting, extra vitality 1
a: Renounce Religion, Recall Ancestor, Ancestor Identity, Transference, Idealise


You were in an ice cave.
You worshipped Hepliaklqana.
Hepliaklqana was extremely pleased with you.
You visited 4 branches of the dungeon, and saw 19 of its levels.
You also visited: Ice Cave.

You collected 1482 gold pieces.
You spent 444 gold pieces at shops.

Inventory:

Hand Weapons
 I - a +5 spectral hand axe
 K - a +3 dagger of distortion
Missiles
 q - 21 boomerangs
 P - 23 poisoned darts
 V - a curare-tipped dart
Armour
 d - an orb of wrath (worn)
 g - the +8 chain mail "Faraet" {Drain MP+9 Int-4 SInv}
   (You found it on level 12 of the Dungeon)

   Int:       It affects your intelligence (-4).
   MP:        It affects your magic capacity (+9).
   SInv:      It lets you see invisible.
   Drain:     It drains your maximum health when unequipped.
 h - a +1 cloak (worn)
 p - a +0 pair of gloves (worn)
 r - a +3 troll leather armour (worn) {Snorg}
 s - a +0 cloak of willpower
 v - a +2 hat (worn)
 G - quicksilver dragon scales
Magical Staves
 j - a staff of fire (weapon)
Jewellery
 e - a +6 ring of strength
 k - a ring of protection from cold
 E - a ring of fire (left hand)
 M - an amulet of regeneration (around neck)
 Z - the ring "Biawycwy" (right hand) {rC+ Int+2 SInv}
   (You bought it in a shop on level 11 of the Dungeon)

   [ring of protection from cold]

   Int:       It affects your intelligence (+2).
   rC:        It protects you from cold.
   SInv:      It lets you see invisible.
Wands
 i - a wand of iceblast (5)
 l - a wand of flame (10)
 n - a wand of mindburst (1)
 u - a wand of light (12)
 S - a wand of paralysis (6)
 U - a wand of polymorph (5)
Scrolls
 b - a scroll of magic mapping
 c - 9 scrolls of teleportation
 m - 2 scrolls of silence
 o - 3 scrolls of blinking
 t - 2 scrolls of brand weapon
 J - 5 scrolls of enchant weapon
 R - 2 scrolls of butterflies
Potions
 a - 2 potions of lignification
 f - 3 potions of mutation {unknown}
 w - 12 potions of curing
 B - 2 potions of haste
 F - 4 potions of heal wounds
 L - 3 potions of brilliance
 O - a potion of invisibility
 T - a potion of might {unknown}
 W - a potion of cancellation {unknown}
 Y - a potion of berserk rage {unknown}
Miscellaneous
 N - a lightning rod (4/4)


   Skills:
 + Level 2.2 Fighting
 + Level 1.8 Staves
 + Level 8.0 Armour
 + Level 5.7 Dodging
 + Level 5.1 Stealth
 + Level 18.0 Spellcasting


You had 12 spell levels left.
You knew the following spells:

 Your Spells              Type           Power      Damage    Failure   Level
a - Magic Dart            Conj           100%       1d8       0%          1
b - Searing Ray           Conj           100%       2d8       0%          2
c - Dazzling Flash        Conj/Hex       100%       N/A       0%          3
d - Fulminant Prism       Conj/Hex       44%        3d20      0%          4
e - Iskenderun's Mystic   Conj/Tloc      89%        2d17      0%          4
f - Foxfire               Conj/Fire      100%       2x1d9     0%          1
g - Passwall              Tmut/Erth      74%        N/A       0%          2
h - Ensorcelled Hibernat  Hex/Ice        100%       N/A       0%          2
i - Confusing Touch       Hex            89%        N/A       0%          3
j - Agony                 Necr           89%        N/A       1%          5
k - Lightning Bolt        Conj/Air       44%        1d64      1%          5
l - Dispersal             Tloc           44%        N/A       1%          6
Your spell library was empty.

Dungeon Overview and Level Annotations

Branches:
Dungeon (15/15)            Temple (1/1) D:5            Lair (1/5) D:9
    Orc (2/2) D:9             Elf (0/3) Orc:2        Vaults (0/5) D:14
 Depths (0/4) D:15          IceCv (1/1)

Altars:
Ashenzari
Cheibriados
Dithmenos
Elyvilon
Fedhas
Gozag
Hepliaklqana
Makhleb
Nemelex Xobeh
Okawaru
Qazlal
Ru
Trog
Uskayaw
Wu Jian
Xom
Yredelemnul
Zin
The Shining One

Shops:
D:11 [=   D:13 [

Annotations:
D:7 2 runed translucent doors


Innate Abilities, Weirdness & Mutations

Your life essence is reduced to manifest your ancestor. (-10% HP)
You are immune to sickness and miasma.
You are immune to poison.
Your flesh is very heat resistant. (rF++)
You are vulnerable to cold. (rC-)
You float through the air rather than walking.
You learn spells naturally, not from books.
Your magical power is your life essence.
You have superior vitality. (+4 MHP)


Message History

You hear a loud crackle.
You hear an explosion!
You feel a bit more experienced.
You hear a bellow! x2
The frost giant casts a spell at you.
The bolt of cold hits Rabi!!
Rabi resists.
The bolt of cold misses you.
Rabi is engulfed in freezing vapours.
Rabi is engulfed in freezing vapours.
The frost giant hits Rabi with a +2 battleaxe of freezing!!
You start resting.
Something completely misses Rabi.
You start resting.
Something hits Rabi!
Something freezes Rabi.
Rabi blocks something's attack.
You start resting.
A frost giant is nearby!
Casting: Fulminant Prism (safe; 0% risk of failure)
Confirm with . or Enter, or press ? or * to list all spells.
You erupt in a blast of force!
The mystic blast hits the frost giant!!
The frost giant is severely wounded.
Rabi avoids your attack.
You hear a bellow!
The frost giant hits Rabi with a +2 battleaxe of freezing!!
The frost giant freezes Rabi.
Rabi is destroyed!
Casting: Iskenderun's Mystic Blast (safe; 0% risk of failure)
Confirm with . or Enter, or press ? or * to list all spells.
You erupt in a blast of force!
The mystic blast hits the frost giant!
The frost giant is almost dead.
The frost giant is knocked back by the mystic blast.
Casting: Iskenderun's Mystic Blast (safe; 0% risk of failure)
Confirm with . or Enter, or press ? or * to list all spells.
You erupt in a blast of force!
The mystic blast hits the frost giant!
The frost giant is almost dead.
The frost giant hits you with a +2 battleaxe of freezing!!!
Ouch! That really hurt!
* * * LOW HITPOINT WARNING * * *
The frost giant freezes you.
You die...

# #..##
##..# ##..##
#.#.# ##
##..## #..##
.## ##..##
#.##
..######..#
#..##
...#...#..#
##..##
....##...##
##..#
......####
#.#.#
###..##
##@.## ####
#.C## ##.##
#.#.###
##.≈≈≈###
##≈≈≈≈≈#
#≈≈≈####
#≈≈≈R#
#####C......


You could see a frost giant.

Vanquished Creatures
  A very ugly thing (D:12)
  Snorg (D:12)
  3 rakshasas
  Erolcha (D:12)
  2 boulder beetles
  2 ogre magi
  6 two-headed ogres
  A death yak (IceCv)
  2 centaur warriors
  A death knight (D:15)
  2 tengu warriors (D:15)
  An orc high priest (Orc:2)
  Nergalle (D:11)
  A skeletal warrior (D:15)
  A glowing orange brain (D:15)
  An orc sorcerer (Orc:1)
  A phantasmal warrior (D:15)
  16 ugly things
  An orc knight (Orc:2)
  An oklob plant (Lair:1)
  5 cyclopes
  10 slime creatures
  2 manticores
  Maurice (D:9)
  A black mamba (shapeshifter) (D:15)
  A cane toad (Lair:1)
  3 gargoyles
  A komodo dragon (D:12)
  An unseen horror (D:12)
  A freezing wraith (D:15)
  Psyche (D:9)
  5 rime drakes
  2 kobold demonologists
  An efreet (D:12)
  A tengu conjurer (D:15)
  A yaktaur (D:12)
  4 polar bears (IceCv)
  8 trolls
  5 meliai (D:13)
  Sigmund (D:2)
  A shadow (D:11)
  7 wraiths
  8 yaks
  Grum (D:9)
  A basilisk (D:11)
  2 vampire mosquitoes (D:12)
  2 wargs
  An acid dragon (D:13)
  3 ice beasts
  A black bear (D:6)
  15 orc warriors
  4 ogres
  6 wolves
  5 centaurs
  6 bullfrogs
  2 kobold brigands
  A phantom (D:6)
  2 gnoll sergeants
  2 scorpions
  A necrophage (D:4)
  5 wights (D:7)
  17 killer bees
  5 electric eels (D:12)
  3 gnoll boudas
  25 orc priests
  6 hounds
  2 iguanas
  23 orc wizards
  15 gnolls
  3 adders
  2 shadow imps (D:5)
  A white imp (D:6)
  A worm (D:2)
  3 dart slugs
  66 orcs
  12 ball pythons
  13 endoplasms
  2 giant cockroaches
  17 goblins
  7 hobgoblins
  5 jackals
  11 kobolds
  3 quokkas
  8 bats (D:1)
  2 frilled lizards
  5 rats
  7 foxfires
  7 fulminant prisms
448 creatures vanquished.

Vanquished Creatures (collateral kills)
  Josephine (D:14)
  A boulder beetle (D:13)
  2 orc high priests (Orc:2)
  3 wizards
  A deep elf pyromancer (D:12)
  A manticore (D:11)
  A cyclops (D:11)
  2 ugly things
  4 slime creatures
  3 cane toads (Lair:1)
  A rime drake (Orc:2)
  A polar bear (IceCv)
  A meliai (D:13)
  Prince Ribbit (D:9)
  A shadow (D:10)
  A culicivora (shapeshifter) (D:15)
  A vampire (D:12)
  A wraith (D:10)
  2 yaks
  A steam dragon (D:8)
  2 acid dragons
  2 orc warriors
  A sky beast (D:7)
  2 wolves (IceCv)
  2 centaurs
  2 ogres
  2 killer bees
  2 hounds (D:7)
  5 orc priests
  An iguana (D:7)
  An orc wizard (D:9)
  A gnoll (D:7)
  3 orcs
  2 kobolds (D:10)
58 creatures vanquished.

Vanquished Creatures (others)
  An ancestor (D:7)
  9 knights
  684 foxfires
  214 fulminant prisms
  2 fungi (D:1)
  5 plants
  5 withered plants (D:1)
920 creatures vanquished.

Grand Total: 1426 creatures vanquished

Notes
Turn   | Place    | Note
-------+----------+-------------------------------------------
     0 | D:1      | javelincjr the Djinni Conjurer began the quest for the Orb.
     0 | D:1      | javelincjr set off with the following spells memorised:
                  | Magic Dart, Searing Ray, Dazzling Flash, Fulminant Prism,
                  | Iskenderun's Mystic Blast.
     0 | D:1      | Reached XP level 1. HP: 15/15 MP: 0/0
   275 | D:1      | Reached XP level 2. HP: 20/21 MP: 0/0
   540 | D:1      | Found a faded altar of an unknown god.
   688 | D:1      | Reached XP level 3. HP: 19/25 MP: 0/0
   688 | D:1      | Learned a level 1 spell: Foxfire
  1021 | D:1      | Reached skill level 4 in Spellcasting
  1676 | D:2      | Noticed Sigmund
  1682 | D:2      | Killed Sigmund
  1683 | D:2      | Reached skill level 5 in Spellcasting
  1683 | D:2      | Reached XP level 4. HP: 26/31 MP: 0/0
  1683 | D:2      | Reached XP level 5. HP: 29/35 MP: 0/0
  1683 | D:2      | Learned a level 2 spell: Passwall
  1683 | D:2      | Reached XP level 6. HP: 33/40 MP: 0/0
  1963 | D:2      | Found a shimmering altar of Xom.
  3698 | D:4      | Found a stormy altar of Qazlal.
  3902 | D:4      | Noticed an ice beast
  3910 | D:4      | Killed an ice beast
  3911 | D:4      | Reached XP level 7. HP: 40/45 MP: 0/0
  3911 | D:4      | Learned a level 2 spell: Ensorcelled Hibernation
  3977 | D:4      | Reached skill level 1 in Armour
  3982 | D:4      | Reached skill level 1 in Staves
  4022 | D:4      | Reached skill level 6 in Spellcasting
  4658 | D:5      | Entered Level 5 of the Dungeon
  4738 | D:5      | Reached XP level 8. HP: 43/51 MP: 0/0
  4838 | D:5      | Found a staircase to the Ecumenical Temple.
  4862 | Temple   | Entered the Ecumenical Temple
  4999 | Temple   | Became a worshipper of Hepliaklqana the Forgotten
  5796 | D:6      | Reached skill level 7 in Spellcasting
  5797 | D:6      | Reached skill level 1 in Fighting
  6105 | D:6      | Reached XP level 9. HP: 38/57 MP: 0/0
  6105 | D:6      | Learned a level 3 spell: Confusing Touch
  6470 | D:6      | Reached * piety under Hepliaklqana
  6656 | D:7      | Reached skill level 8 in Spellcasting
  7596 | D:7      | Reached skill level 9 in Spellcasting
  7828 | D:7      | Found a large runed translucent door.
  7828 | D:7      | Found a large runed translucent door.
  7828 | D:7      | Noticed a gargoyle
  7828 | D:7      | Noticed a troll
  7833 | D:7      | Found a large runed translucent door.
  7833 | D:7      | Found a large runed translucent door.
  7857 | D:7      | Reached XP level 10. HP: 47/55 MP: 0/0
  8444 | D:7      | Reached skill level 5 in Armour
  8451 | D:7      | Noticed a kobold demonologist
  8467 | D:7      | Killed a kobold demonologist
  8787 | D:7      | Killed a gargoyle
  9118 | D:8      | Reached skill level 10 in Spellcasting
  9454 | D:8      | Reached ** piety under Hepliaklqana
  9455 | D:8      | Remembered your ancestor Rabi as a knight
  9829 | D:8      | Found a shadowy altar of Dithmenos.
 10043 | D:9      | Noticed Psyche
 10051 | D:9      | Killed Psyche
 10061 | D:9      | Noticed Grum
 10072 | D:9      | Killed Grum
 10316 | D:9      | Reached XP level 11. HP: 57/61 MP: 0/0
 10316 | D:9      | Learned a level 5 spell: Agony
 10587 | D:9      | Noticed Prince Ribbit
 10591 | D:9      | Killed Prince Ribbit
 10609 | D:9      | Reached skill level 11 in Spellcasting
 11066 | D:9      | Found a staircase to the Orcish Mines.
 11334 | D:9      | Found a staircase to the Lair.
 11651 | D:9      | Found a bloodstained altar of Trog.
 11933 | D:10     | Entered Level 10 of the Dungeon
 12280 | D:10     | Reached *** piety under Hepliaklqana
 12577 | D:10     | Noticed a soul eater
 12695 | D:10     | Found a shimmering altar of Xom.
 12696 | D:10     | Found a glowing golden altar of the Shining One.
 13149 | D:11     | Identified the +1 ring mail of Restlessness {Fly Will+}
 13213 | D:11     | Noticed a boulder beetle
 13218 | D:11     | Noticed a cyclops
 13228 | D:11     | Killed a cyclops
 13238 | D:11     | HP: 1/61 [boulder beetle (22)]
 13303 | D:11     | Killed a boulder beetle
 13304 | D:11     | Reached skill level 12 in Spellcasting
 13415 | D:11     | Noticed a manticore
 13423 | D:11     | Killed a manticore
 13439 | D:11     | Noticed a cyclops
 13462 | D:11     | Reached XP level 12. HP: 62/66 MP: 0/0
 13467 | D:11     | Noticed Nergalle
 13510 | D:11     | Killed Nergalle
 13709 | D:11     | Reached **** piety under Hepliaklqana
 13745 | D:11     | Found Fapnoom's Antique Armour Shop.
 13832 | D:11     | Found Azuw's Jewellery Shop.
 13840 | D:11     | Bought the ring "Biawycwy" {rC+ Int+2 SInv} for 444 gold
                  | pieces
 13909 | D:12     | Identified the +8 chain mail "Faraet" {Drain MP+9 Int-4
                  | SInv}
 14012 | D:12     | Noticed Snorg
 14035 | D:12     | Killed Snorg
 14036 | D:12     | Reached skill level 13 in Spellcasting
 14280 | D:12     | Noticed Erolcha
 14291 | D:12     | Killed Erolcha
 14294 | D:12     | Noticed a centaur warrior
 14302 | D:12     | Killed a centaur warrior
 14303 | D:12     | Reached skill level 5 in Dodging
 14565 | D:12     | Reached XP level 13. HP: 67/70 MP: 0/0
 14565 | D:12     | Learned a level 5 spell: Lightning Bolt
 14568 | D:12     | Reached skill level 14 in Spellcasting
 14619 | D:12     | Noticed a brown very ugly thing
 14623 | D:12     | Killed a brown very ugly thing
 15153 | D:13     | Noticed a rakshasa
 15161 | D:13     | Killed a rakshasa
 15289 | D:13     | Noticed a boulder beetle
 15303 | D:13     | Killed a boulder beetle
 15304 | D:13     | Reached skill level 15 in Spellcasting
 15396 | D:13     | Found Wuujoa's Armour Shop.
 15724 | D:14     | Reached ***** piety under Hepliaklqana
 15731 | D:14     | Found a white marble altar of Elyvilon.
 15787 | D:14     | Noticed an ogre mage
 15791 | D:14     | Killed an ogre mage
 15850 | D:14     | Found a gate to the Vaults.
 15869 | D:14     | Noticed a boulder beetle
 15882 | D:14     | Killed a boulder beetle
 15961 | D:14     | Reached XP level 14. HP: 59/76 MP: 0/0
 15982 | D:14     | Noticed Josephine
 15989 | D:14     | Killed Josephine
 15990 | D:14     | Reached skill level 16 in Spellcasting
 16357 | D:15     | Entered Level 15 of the Dungeon
 16833 | D:15     | Reached skill level 17 in Spellcasting
 16947 | D:15     | Found a staircase to the Depths.
 17370 | Lair:1   | Entered Level 1 of the Lair of Beasts
 17529 | Lair:1   | Found a basalt altar of Yredelemnul.
 17998 | D:9      | Noticed Maurice
 18019 | D:9      | Killed Maurice
 18028 | Orc:1    | Entered Level 1 of the Orcish Mines
 18415 | Orc:2    | Entered Level 2 of the Orcish Mines
 18489 | Orc:2    | Reached XP level 15. HP: 69/80 MP: 0/0
 18489 | Orc:2    | Learned a level 6 spell: Dispersal
 18493 | Orc:2    | Reached skill level 5 in Stealth
 18556 | Orc:2    | Found a frozen archway.
 18565 | IceCv    | Entered an ice cave
 18685 | IceCv    | Noticed a frost giant
 18689 | IceCv    | Reached skill level 18 in Spellcasting
 18711 | IceCv    | HP: 4/80 [frost giant/+2 battleaxe of freezing (42)]
 18711 | IceCv    | Slain by a frost giant

Illustrated notes

Levels and vault maps discovered:
D:1:      dpeg_arrival_windows_large_door, layout_loops_ring,
          shapermc_ecumenical_altar_gd, minmay_quantized
D:2:      layout_basic, basic_altar, supply_closet_lemuel,
          kennysheep_generic_room_8, uniq_sigmund
D:3:      layout_loops_ring
D:4:      cheibrodos_barr_body, layout_loops_cross, lemuel_round_altar,
          minmay_goblin_outpost
D:5:      layout_rooms, minmay_temple_entry_statues_fountains
D:6:      layout_cave_pools, mainiacjoe_overflow_cross_hatched
D:7:      layout_rooms, nicolae_concentric_dashed_squares_mild,
          amcnicky_mini_pool_small, minmay_hollow_rounded_squares
D:8:      layout_gridville, grunt_dithmenos_smoke, nicolae_vehumet_altar_sigil
D:9:      layout_basic, mainiacjoe_overflow_six_doors_small,
          nicolae_sif_muna_condensation, lair_entry_dummy, david_orc_2,
          eino_jars, uniq_prince_ribbit1, uniq_grum, uniq_psyche, uniq_maurice
D:10:     layout_loops_corners, mainiacjoe_overflow_divided_tiny
D:11:     layout_irregular_city, serial_shops, kennysheep_mini_moat, shop,
          uniq_nergalle
D:12:     cheibrodos_breeding_chamber, layout_basic, kb_rosetta, uniq_erolcha,
          uniq_snorg
D:13:     layout_big_octagon, serial_shops, shop
D:14:     layout_loops_ring, david_vaults_2, elyvilon_altar_3, uniq_josephine
D:15:     gammafunk_enter_depths_forms, layout_irregular_city,
          minmay_misc_feat_columns
Temple:   nicolae_temple_superstar
Lair:1:   layout_cave_shapes, lemuel_oklob_altar
Orc:1:    layout_diamond_mine
Orc:2:    st_orc_mages, layout_caves, portal_ice_cave_rime,
          nicolae_orc_lava_room
IceCv:    ice_cave_small_giant

Skill      XL: |  1  2  3  4  5  6  7  8  9 10 11 12 13 14 15 |
---------------+----------------------------------------------+-----
Spellcasting   | 5 6 7 9 10 12 13 15 17 18 | 18.0
Stealth        | 2 3 4 5 |  5.1
Armour         | 2 3 4 6 7 8 |  8.0
Staves         | 1 |  1.8
Dodging        | 3 4 5 |  5.7
Fighting       | 1 2 |  2.2

Action                   |  1- 3 |  4- 6 |  7- 9 | 10-12 | 13-15 || total
-------------------------+-------+-------+-------+-------+-------++-------
Melee: Dagger            |    17 |       |       |       |       ||    17
       Staff             |     5 |    11 |    24 |    10 |     7 ||    57
 Cast: Magic Dart        |    48 |       |     1 |     1 |       ||    50
       Foxfire           |    16 |    81 |   156 |   102 |    51 ||   406
       Iskenderun's Myst |       |       |    27 |    72 |    71 ||   170
       Fulminant Prism   |       |       |     8 |   111 |   102 ||   221
       Searing Ray       |       |       |     1 |       |       ||     1
       Ensorcelled Hiber |       |       |       |     1 |     3 ||     4
       Lightning Bolt    |       |       |       |       |    77 ||    77
Invok: Ancestor Life: Kn |       |       |       |     1 |       ||     1
  Use: Scroll            |       |       |     6 |    12 |     8 ||    26
       Potion            |       |       |       |     1 |     2 ||     3
Armor: Robe              |     4 |     3 |       |       |       ||     7
       Leather armour    |       |     1 |    19 |       |       ||    20
       Quicksilver drago |       |       |     8 |    22 |       ||    30
       Troll leather arm |       |       |       |     3 |     7 ||    10
Dodge: Dodged            |    18 |    16 |    41 |    25 |    16 ||   116
